Map: Usina Ácida LE

Players

Nemesis

  • Race: Zerg Zerg
  • Spawn Location: 11:00

IagoAbreu - Winner!

  • Race: Protoss Protoss
  • League: Silver
  • Spawn Location: 5:00

VOD

Have the link to the VOD?

Description

Time

  • Played on: May 15, 2018, 1:59 p.m.
  • Length: 4:17
Show
View Real Time Build Order
Export as new Build Order

Nemesis Zerg 

Build Orders: Pool Only 

Get SALT Encoding   

  12  0:03  Drone  
  13  0:12  Drone  
  14  0:21  Overlord  
  14  0:39  Drone x2  
  14  0:40  Drone  
  17  0:47  Spawning Pool  
  16  1:07  Evolution Chamber  
  15  1:29  Drone x3  
  18  2:05  Zergling x6  
  21  2:40  Zergling x2  
  22  2:54  Queen  
  22  3:04  Zergling x2  
  21  3:19  Overlord  
  19  3:22  Overlord x2  
Show
View Real Time Build Order
Export as new Build Order

IagoAbreu Protoss - Winner!

Build Orders:  

Get SALT Encoding   

  1  0:00  Probe  
  12  0:06  Probe  
  14  0:16  Probe  
  15  0:35  Pylon  
  15  0:53  Probe  
  16  1:03  Pylon  
  16  1:05  Probe  
  17  1:12  Assimilator  
  17  1:16  Assimilator  
  17  1:36  Gateway  
  17  1:38  Gateway  
  17  1:43  Pylon  
  17  1:50  Pylon  
  16  2:11  Forge  
  16  2:23  Zealot x2  
  16  2:24  Probe  
  16  2:26  Cybernetics Core  
  21  2:52  Pylon  
  21  3:08  Pylon  
  21  3:11  Pylon  
  21  3:13  Pylon  
  19  3:30  Zealot  
  17  3:34  Zealot  
  17  3:38  Photon Cannon  
  21  3:41  Photon Cannon  
Tags
 
Add a new tag
Caveats
  • Supply blocks, unpowered buildings, or Contaminate may cause inaccurate times.
  • Supply counts are checked every 10 seconds.